 Dungeon Sprint DCSS version 0.20.1-1-g8b1a95d (webtiles) character file.

5314 groucho the Unseen (level 10, -3/56 HPs)
             Began as a Felid Fighter on Dec 21, 2017.
             Was a Priest of Uskayaw.
             Killed from afar by a frost giant (32 damage)
             ... with a bolt of cold
             ... in the Dungeon (Sprint IX: "|||||||||||||||||||||||||||||").
             The game lasted 00:07:30 (2989 turns).

groucho the Unseen (Felid Fighter)                  Turns: 2989, Time: 00:07:30

Health: -3/56      AC:  4    Str: 13    XL:     10   Next: 37%
Magic:  20/20      EV: 35    Int: 10    God:    Uskayaw [***...]
Gold:   1447       SH:  0    Dex: 21    Spells: 9/9 levels left
                                        Lives:  0   Deaths: 3

rFire    . . .     SeeInvis +     - Unarmed
rCold    . . .     Gourm    .   (shield unavailable)
rNeg     . . .     Faith    .   (armour unavailable)
rPois    .         Spirit   .   (helmet unavailable)
rElec    .         Reflect  .   (cloak unavailable)
rCorr    .         Harm     .   (gloves unavailable)
MR       +....     NoTele   +   (boots unavailable)
Stlth    ++++++++..             (no amulet)
Regen    0.2/turn               l - +2 ring of protection
MPRegen  0.2/turn               m - +3 ring of dexterity

@: quick
A: no armour, no weapons or thrown items, stealth, claws 1, fangs 3, see
invisible, carnivore 3, speed 1, shaggy fur 2, slow metabolism 1, sharp paws
a: Stomp, Line Pass, Renounce Religion


You were in the Dungeon.
You worshipped Uskayaw.
Uskayaw was pleased with you.
You were completely stuffed.

You visited 1 branch You collected 1915 gold pieces.
You spent 468 gold pieces at shops.

Inventory:

Jewellery
 l - a +2 ring of protection (left paw)
 m - a +3 ring of dexterity (right paw)
 q - an uncursed ring of protection from cold
 r - an uncursed ring of stealth
Wands
 k - a wand of acid (7/15)
Scrolls
 h - a scroll of blinking
 i - 3 scrolls of remove curse
 j - 2 scrolls of amnesia
 n - a scroll of fog
 o - 4 scrolls of recharging
 t - a scroll of fear
Potions
 a - a potion of might
 b - a potion of cancellation
 c - 3 potions of berserk rage
 d - 5 potions of heal wounds
 e - 2 potions of mutation
 f - 4 potions of magic
 g - 6 potions of curing
 s - a potion of agility
Comestibles
 p - 11 meat rations


   Skills:
 + Level 14.1 Fighting
 + Level 17.6 Dodging
 + Level 18.5 Stealth
 + Level 14.3 Unarmed Combat
 + Level 13.0 Invocations


You had 9 spell levels left.
You didn't know any spells.

Dungeon Overview and Level Annotations

Branches:
Dungeon (1/1)

Altars:
Cheibriados
Dithmenos
Elyvilon
Fedhas
Gozag
Hepliaklqana
Kikubaaqudgha
Makhleb
Nemelex Xobeh
Okawaru
Qazlal
Ru
Sif Muna
Trog
Uskayaw
Vehumet
Xom
Yredelemnul
Zin
The Shining One
Beogh
Jiyva
Lugonu

Shops:
D [[(*


Innate Abilities, Weirdness & Mutations

You cannot wear armour.
You are incapable of wielding weapons or throwing items.
Your paws allow you to move quietly. (Stealth)
You have sharp claws.
You have razor-sharp teeth.
You have supernaturally acute eyesight. (SInv)
You are carnivorous and can eat meat at any time.
You cover ground quickly.
You are covered in thick fur. (AC +2)
You have a slow metabolism.
Your sharp claws are effective at attacking unaware monsters.


Message History

The unseen horror changes into a spriggan!
Things that are here:
a whip; a robe You catch the helpless cyan ugly thing completely off-guard!
You eviscerate the cyan ugly thing!!!
The cyan ugly thing is almost dead.
The spriggan changes into a yak!
The cyan ugly thing misses you.
The spark wasp buzzes angrily.
The yak bellows!
The frost giant shouts!
You claw the cyan ugly thing!
You kill the cyan ugly thing!
Your Invocations skill increases to level 13!
Uskayaw will force your foes to helplessly watch your dance.
Uskayaw prepares the audience for your solo!
A deep troll shaman comes into view.
The deep troll shaman shouts!
The frost giant is no longer paralysed.
The frost giant casts a spell at you. The bolt of cold hits you!
Ouch! That really hurt!
You die...

....[[[[[[[[.)))))))).=.=.'......
▓▓▓▓▓▓▓▓▓▓▓▓▓▓▓▓▓▓▓▓▓▓▓▓▓▓▓▓▓▓▓▓▓
♣▓▓▓▓▓▓▓▓▓▓▓▓▓▓▓▓▓▓▓▓▓▓▓▓▓▓▓▓▓▓▓▓
............††.).................
▓▓▓▓▓▓▓▓▓▓▓▓▓▓▓▓▓▓▓▓▓▓▓▓▓▓▓▓▓▓▓▓▓
TiyDQYC@)'..............
▓▓▓▓▓▓▓▓▓▓▓▓▓▓▓▓▓▓▓▓▓▓▓▓


You could see a frost giant, a fire dragon (paralysed), a spark wasp
(paralysed), a tengu warrior (paralysed), a spriggan air mage (paralysed), a
deep troll shaman and a yak shaped shifter (paralysed).

Vanquished Creatures
  Erolcha (D)
  A great orb of eyes (D)
  2 hydras (D)
  An ogre mage (D)
  An orc high priest (D)
  A tengu warrior (D)
  2 unseen horrors (D)
  4 orc knights (D)
  A deep elf mage (D)
  An ugly thing (D)
  3 orc sorcerers (D)
  A manticore (D)
  2 cyclopes (D)
  5 spiny frogs (D)
  3 komodo dragons (D)
  A yaktaur (D)
  2 tengu conjurers (D)
  A hippogriff (D)
  A shadow (D)
  A basilisk (D)
  Grum (D)
  A porcupine (D)
  A water moccasin (D)
  8 orc warriors (D)
  4 wolves (D)
  2 centaurs (D)
  An ogre (D)
  A crocodile (D)
  4 bullfrogs (D)
  A scorpion (D)
  A killer bee (D)
  A crimson imp (D)
  A hound (D)
  5 orc priests (D)
  2 jellies (D)
  An orc wizard (D)
  An iguana (D)
  An adder skeleton (D)
  2 dart slugs (D)
  A leopard gecko (D)
  16 orcs (D)
  2 bats (D)
  A frilled lizard (D)
  A rat (D)
95 creatures vanquished.

Vanquished Creatures (others)
  A wizard (D)
  An orc warrior (D)
2 creatures vanquished.

Grand Total: 97 creatures vanquished

Notes
Turn   | Place    | Note
-------+----------+-------------------------------------------
     0 | D        | groucho the Felid Fighter began the quest for the Orb.
     0 | D        | Reached XP level 1. HP: 10/10 MP: 2/2
     5 | D        | Reached skill level 1 in Stealth
    12 | D        | Reached skill level 2 in Stealth
    15 | D        | Reached XP level 2. HP: 1/14 MP: 3/3
   420 | D        | Noticed a centaur
   420 | D        | Noticed a scorpion
   422 | D        | Reached skill level 5 in Dodging
   422 | D        | Reached skill level 3 in Stealth
   428 | D        | Killed a scorpion
   428 | D        | Reached skill level 4 in Stealth
   428 | D        | Reached skill level 5 in Unarmed Combat
   428 | D        | Reached XP level 3. HP: 17/18 MP: 4/4
   432 | D        | Reached skill level 5 in Fighting
   432 | D        | Reached skill level 5 in Stealth
   432 | D        | Reached XP level 4. HP: 21/23 MP: 5/5
   436 | D        | Killed a centaur
   436 | D        | Reached skill level 7 in Stealth
   436 | D        | Reached XP level 5. HP: 26/27 MP: 6/6
   671 | D        | Found a roughly hewn altar of Beogh.
   671 | D        | Found a snail-covered altar of Cheibriados.
   671 | D        | Found a shadowy altar of Dithmenos.
   671 | D        | Found a white marble altar of Elyvilon.
   671 | D        | Found a blossoming altar of Fedhas.
   671 | D        | Found an opulent altar of Gozag.
   672 | D        | Found a hazy altar of Hepliaklqana.
   673 | D        | Found a viscous altar of Jiyva.
   674 | D        | Found an ancient bone altar of Kikubaaqudgha.
   675 | D        | Found a corrupted altar of Lugonu.
   676 | D        | Found a burning altar of Makhleb.
   677 | D        | Found a sparkling altar of Nemelex Xobeh.
   678 | D        | Found an iron altar of Okawaru.
   679 | D        | Found a stormy altar of Qazlal.
   680 | D        | Found a sacrificial altar of Ru.
   681 | D        | Found a deep blue altar of Sif Muna.
   682 | D        | Found a bloodstained altar of Trog.
   683 | D        | Found a hide-covered altar of Uskayaw.
   684 | D        | Found a radiant altar of Vehumet.
   686 | D        | Found a shimmering altar of Xom.
   687 | D        | Found a basalt altar of Yredelemnul.
   688 | D        | Found a glowing silver altar of Zin.
   689 | D        | Found a glowing golden altar of the Shining One.
   691 | D        | Became a worshipper of Uskayaw the Reveler
   731 | D        | Noticed a centaur
   735 | D        | Reached skill level 1 in Invocations
   735 | D        | Reached * piety under Uskayaw
   737 | D        | Killed a centaur
   737 | D        | Reached skill level 8 in Stealth
   737 | D        | Gained mutation: You are covered in thick fur. (AC +2) [Felid growth]
   737 | D        | Reached XP level 6. HP: 31/31 MP: 6/8
   737 | D        | Reached ** piety under Uskayaw
   739 | D        | Reached *** piety under Uskayaw
   741 | D        | Reached skill level 9 in Stealth
   743 | D        | Reached **** piety under Uskayaw
   745 | D        | Noticed a shadow
   745 | D        | Noticed a cyclops
   745 | D        | Noticed a deep elf mage
   747 | D        | Killed a deep elf mage
   747 | D        | Reached skill level 10 in Dodging
   747 | D        | Reached skill level 11 in Stealth
   747 | D        | Reached skill level 5 in Invocations
   747 | D        | Reached XP level 7. HP: 37/37 MP: 7/12
   749 | D        | Killed a cyclops
   749 | D        | Reached XP level 8. HP: 42/42 MP: 7/13
   749 | D        | Reached ***** piety under Uskayaw
   759 | D        | Reached skill level 12 in Stealth
   870 | D        | Noticed a spiny frog
   870 | D        | Noticed a spiny frog
   870 | D        | Noticed a komodo dragon
   870 | D        | Noticed a spiny frog
   871 | D        | Noticed an eight-headed hydra
   872 | D        | Killed a spiny frog
   872 | D        | Reached skill level 10 in Unarmed Combat
   877 | D        | Noticed a hippogriff
   880 | D        | Noticed a komodo dragon
   886 | D        | Killed a spiny frog
   886 | D        | Reached skill level 10 in Fighting
   886 | D        | Reached skill level 13 in Stealth
   886 | D        | Reached XP level 9. HP: 23/46 MP: 10/15
   887 | D        | Killed a spiny frog
   899 | D        | Killed a komodo dragon
   903 | D        | HP: 1/47 [eight-headed hydra (4)]
  1382 | D        | Killed a komodo dragon
  1383 | D        | Killed an eight-headed hydra
  1383 | D        | Reached skill level 14 in Stealth
  1423 | D        | Noticed a komodo dragon
  1423 | D        | Noticed a spiny frog
  1424 | D        | Noticed a five-headed hydra
  1427 | D        | Killed a spiny frog
  1428 | D        | Killed a komodo dragon
  1428 | D        | Reached XP level 10. HP: 52/52 MP: 16/18
  1429 | D        | Noticed a six-headed hydra
  1438 | D        | Killed a five-headed hydra
  1438 | D        | Reached skill level 15 in Stealth
  1438 | D        | Reached skill level 10 in Invocations
  1445 | D        | HP: 2/53 [six-headed hydra (15)]
  1445 | D        | Slain by a six-headed hydra
  1446 | D        | Reached XP level 9. HP: -2/49 MP: 14/17
  1448 | D        | Noticed Erolcha
  1459 | D        | Killed Erolcha
  1772 | D        | Found Nobyel's Armour Shop.
  1772 | D        | Noticed an orc sorcerer
  1773 | D        | Noticed an orc knight
  1775 | D        | Found Kiuph's Armour Boutique.
  1776 | D        | Killed an orc sorcerer
  1776 | D        | Reached skill level 15 in Dodging
  1777 | D        | Noticed an orc sorcerer
  1782 | D        | Noticed an orc sorcerer
  1783 | D        | Found Ocimez's Antique Weapon Shop.
  1787 | D        | Killed an orc knight
  1787 | D        | Reached skill level 16 in Stealth
  1787 | D        | Reached XP level 10. HP: 53/53 MP: 17/19
  1789 | D        | Killed an orc sorcerer
  1790 | D        | Found Bugoivvu's General Store.
  1791 | D        | Killed an orc sorcerer
  1800 | D        | Noticed an orc knight
  1813 | D        | Reached ****** piety under Uskayaw
  1824 | D        | Killed an orc knight
  1835 | D        | Noticed an orc knight
  1835 | D        | Noticed an orc knight
  1840 | D        | Killed an orc knight
  1851 | D        | Noticed an orc high priest
  1856 | D        | Killed an orc high priest
  1876 | D        | Killed an orc knight
  1876 | D        | Reached skill level 17 in Stealth
  2139 | D        | Reached XP level 11. HP: 41/58 MP: 20/20
  2236 | D        | Bought a potion of berserk rage for 60 gold pieces
  2236 | D        | Bought a potion of cancellation for 96 gold pieces
  2236 | D        | Bought 2 potions of heal wounds for 120 gold pieces
  2236 | D        | Bought 2 potions of mutation for 192 gold pieces
  2672 | D        | Slain by a tyrant leech
  2673 | D        | Reached XP level 10. HP: -5/55 MP: 19/19
  2866 | D        | Noticed a cyclops
  2866 | D        | Noticed an unseen horror
  2866 | D        | Noticed a wizard
  2866 | D        | Noticed a tengu warrior
  2867 | D        | Noticed a manticore
  2872 | D        | Noticed an unseen horror
  2877 | D        | Noticed a stone giant
  2881 | D        | Killed a tengu warrior
  2883 | D        | Killed a wizard
  2885 | D        | Killed an unseen horror
  2886 | D        | Noticed a rakshasa
  2889 | D        | Killed a cyclops
  2891 | D        | Noticed a great orb of eyes
  2891 | D        | Killed a manticore
  2892 | D        | Noticed an ettin
  2893 | D        | Killed an unseen horror
  2893 | D        | Reached skill level 18 in Stealth
  2898 | D        | Noticed a tengu warrior
  2898 | D        | Noticed a deep troll shaman
  2900 | D        | Killed a great orb of eyes
  2908 | D        | Demolished by a stone giant
  2909 | D        | Reached XP level 9. HP: -20/51 MP: 13/19
  2926 | D        | Noticed Grum
  2927 | D        | Reached XP level 10. HP: 55/55 MP: 20/20
  2935 | D        | Killed Grum
  2983 | D        | Noticed a fire dragon
  2983 | D        | Noticed a tengu warrior
  2983 | D        | Noticed an unseen horror
  2983 | D        | Noticed a frost giant
  2983 | D        | Noticed a cyan ugly thing
  2983 | D        | Noticed an ogre mage
  2984 | D        | Noticed a spark wasp
  2985 | D        | Killed an ogre mage
  2986 | D        | Noticed a spriggan air mage
  2986 | D        | an unseen horror changed into a spriggan
  2988 | D        | Killed a cyan ugly thing
  2989 | D        | Noticed a deep troll shaman
  2989 | D        | Killed from afar by a frost giant

Skill      XL: |  1  2  3  4  5  6  7  8  9 10 |
---------------+-------------------------------+-----
Stealth        | 2 4 5 7 8 11 13 16 18 | 18.5
Dodging        | 6 8 9 10 11 12 15 17 | 17.6
Fighting       | 4 5 6 8 9 10 12 14 | 14.1
Unarmed Combat | 5 6 7 8 9 10 11 14 | 14.3
Invocations    | 2 5 6 7 9 13 | 13.0

Action                   |  1- 3 |  4- 6 |  7- 9 | 10-12 || total
-------------------------+-------+-------+-------+-------++-------
Melee: Unarmed           |    16 |    11 |    59 |   149 ||   235
       Punch             |     2 |       |     3 |    13 ||    18
       Bite              |       |     3 |     5 |    16 ||    24
Invok: Line Pass         |       |       |     2 |     6 ||     8
       Stomp             |       |       |     2 |       ||     2
  Use: Potion            |     2 |     1 |     4 |     3 ||    10
       Scroll            |       |       |     1 |       ||     1
 Stab: Sleeping          |     1 |     7 |     7 |     2 ||    17
       Paralysed         |       |       |     4 |    11 ||    15
       Confused          |       |       |     1 |     5 ||     6
       Distracted        |       |       |     1 |     2 ||     3
  Eat: Meat ration       |       |       |     1 |     1 ||     2
       Chunk             |       |       |       |     6 ||     6
Armor: Skin              |       |       |     1 |     1 ||     2
Dodge: Dodged            |     9 |     3 |    33 |   113 ||   158
